 Dungeon Crawl Stone Soup version 0.19-a0 (webtiles) character file.

3876 Chiseanne the Ducker (level 10, -1/102 HPs)
             Began as a Troll Monk on Apr 27, 2016.
             Was a High Priest of Okawaru.
             Slain by a wyvern skeleton (8 damage)
             ... on level 9 of the Dungeon.
             The game lasted 00:23:27 (8466 turns).

Chiseanne the Ducker (Troll Monk)                   Turns: 8466, Time: 00:23:27

Health: -1/102     AC:  7    Str: 21    XL:     10   Next: 0%
Magic:  14/14      EV:  9    Int:  6    God:    Okawaru [*****.]
Gold:   187        SH:  2    Dex: 15    Spells: 0 memorised, 9 levels left

rFire  + . .     SeeInvis .     a - +4 giant spiked club (crush)
rCold  . . .     Gourm    +     B - +2 robe {MR+}
rNeg   . . .     Faith    .     (shield currently unavailable)
rPois  .         Spirit   .     (helmet restricted)
rElec  .         Dismiss  .     (no cloak)
rCorr  .         Reflect  +     (gloves unavailable)
SustAt .         Harm     .     (boots unavailable)
MR     +....                    r - +2 amulet of reflection
Stlth  ++........               (no ring)
                                u - ring of protection from fire

@: very slightly contaminated, somewhat resistant to hostile enchantments,
unstealthy
A: unfitting armour, claws 3, fast metabolism 3, gourmand, regeneration 2,
shaggy fur 1, tough skin 2
a: Heroism, Finesse, Renounce Religion


You were on level 9 of the Dungeon.
You worshipped Okawaru.
Okawaru was extremely pleased with you.
You were very full.

You visited 1 branch of the dungeon, and saw 9 of its levels.
You also visited: Ossuary.

You collected 316 gold pieces.
You spent 129 gold pieces at shops.

Inventory:

Hand Weapons
 a - a +4 giant spiked club of crushing (weapon)
 D - a +0 flail of crushing
Missiles
 e - 389 stones (quivered)
 l - 6 poisoned needles
 m - 139 sling bullets
 o - 92 arrows
 q - 2 throwing nets {!*}
Armour
 j - a +2 robe of resistance
 B - a +2 robe of magic resistance (worn)
 G - a troll hide
Jewellery
 p - an uncursed ring of ice
 r - a +2 amulet of reflection (around neck)
 u - a ring of protection from fire (left claw)
Wands
 E - a wand of random effects (28/48)
Scrolls
 w - a scroll of blinking
 y - a scroll of fog
 F - a scroll of amnesia
 I - a scroll of remove curse
 L - a scroll of recharging
Potions
 c - a potion of flight
 d - 2 potions of magic
 h - a potion of mutation {unknown}
 k - 2 potions of cure mutation {unknown}
 s - 5 potions of curing
 t - 3 potions of invisibility
 v - 3 potions of cancellation
 z - 2 potions of haste
 A - 2 potions of resistance
 C - a potion of might
 J - a potion of berserk rage {unknown}
 K - 2 potions of lignification {unknown}
Books
 H - a book of Summonings

   Spells                             Type                      Level
   a - Recall                         Summoning/Translocation      3
   b - Aura of Abjuration             Summoning                    5
   c - Summon Demon                   Summoning                    5
   d - Summon Forest                  Summoning/Translocation      5
   e - Summon Mana Viper              Hexes/Summoning              5
   f - Shadow Creatures               Summoning                    6
 M - a book of Necromancy

   Spells                             Type                      Level
   a - Pain                           Necromancy                   1
   b - Animate Skeleton               Necromancy                   1
   c - Vampiric Draining              Necromancy                   3
   d - Regeneration                   Charms/Necromancy            3
   e - Animate Dead                   Necromancy                   4
   f - Control Undead                 Necromancy                   4
Comestibles
 b - 11 bread rations
 f - 7 chunks of flesh
 g - a slice of pizza
 n - 8 meat rations


   Skills:
 * Level 7.6 Fighting
 * Level 7.8 Dodging
 - Level 1.1 Stealth
 - Level 4.0 Unarmed Combat
 * Level 6.7 Invocations


You had 9 spell levels left.
You didn't know any spells.

Dungeon Overview and Level Annotations

Branches:
Dungeon (9/15)             Temple (0/1) D:6
   Lair: D:8-11         Orc: D:9-12

Altars:
Elyvilon
Kikubaaqudgha
Okawaru
Pakellas
Qazlal
Sif Muna
Trog

Shops:
D:4 %   D:7 *   D:8 [

Annotations:
D:9 Vetinari's ghost, novice TeSk


Innate Abilities, Weirdness & Mutations

You are too large for most types of armour.
You have claws for hands.
Your metabolism is lightning-fast.
You like to eat raw meat.
You heal very quickly.
You are covered in fur (AC +1).
You have very tough skin (AC +2).


Message History

Read which item? (? for menu, Esc to quit)
Blink to where?
Press: ? - help, Dir - move target cursor, p - Vetinari's ghost
As you read the scroll of blinking, it crumbles to dust.
You close the door.
Something unseen opens the door.
The wyvern skeleton bites you but does no damage.
The wyvern skeleton bites you.
* * * LOW HITPOINT WARNING * * *
Vetinari's ghost screams, "What do you have that I didn't have?"
The wyvern skeleton closely misses you. The wyvern skeleton closely misses you.
There is an open door, spattered with blood here.
The wyvern skeleton bites you.
* * * LOW HITPOINT WARNING * * *
There is a stone staircase leading up, spattered with blood here.
The wyvern skeleton bites you.
* * * LOW HITPOINT WARNING * * *
The wyvern skeleton bites you!
You die...

################ #....
#.....#........# #.....
#.....#@.......#
#......#[....Z........#
#.....###...###################
#.....###...#..................
#...........#..................
#......l...#..................
+.....l....#..................
#.....######..................
..##.....#.....ยง########.........


You could see 2 iguanas and a wyvern skeleton.

Vanquished Creatures
  A troll (D:7)
  A spriggan (D:7)
  Grum (D:7)
  2 black bears
  A sky beast (D:8)
  2 necrophages
  A phantom (D:5)
  4 ogres
  2 ice beasts
  A centaur (D:7)
  2 wolves (D:7)
  2 crocodiles (D:8)
  An elf zombie (Ossuary)
  A big kobold (D:8)
  3 giant frogs
  2 scorpions
  2 killer bees (D:8)
  5 howler monkeys
  A centaur zombie (D:7)
  A centaur skeleton (D:4)
  2 jellies
  A giant frog skeleton (D:5)
  3 orc priests
  4 hounds
  2 human zombies (Ossuary)
  Terence (D:2)
  2 iguanas (D:7)
  5 worker ants
  7 orc wizards
  Ijyb (D:3)
  A big kobold zombie (Ossuary)
  2 hound zombies
  2 mummies (Ossuary)
  A worker ant zombie (D:7)
  13 adders
  4 gnolls (D:5)
  A howler monkey skeleton (D:6)
  A shadow imp (D:8)
  An ooze (D:4)
  An adder skeleton (D:9)
  2 adder zombies
  A worm (D:3)
  A dart slug (D:2)
  2 giant geckos
  17 orcs
  5 giant cockroaches
  17 goblins
  15 hobgoblins
  10 jackals
  20 kobolds
  4 quokkas
  2 ball pythons
  8 bats
  6 giant newts
  A goblin zombie (Ossuary)
  15 hobgoblin zombies (Ossuary)
  A jackal skeleton (D:5)
  A jackal zombie (Ossuary)
  6 kobold zombies (Ossuary)
  7 orc zombies (Ossuary)
  9 rats
  A rat zombie (Ossuary)
242 creatures vanquished.

Notes
Turn   | Place    | Note
--------------------------------------------------------------
     0 | D:1      | Chiseanne the Troll Monk began the quest for the Orb.
     0 | D:1      | Reached XP level 1. HP: 22/22 MP: 0/0
   171 | D:1      | Reached XP level 2. HP: 29/29 MP: 1/1
   872 | D:1      | Reached XP level 3. HP: 34/36 MP: 2/2
  1232 | D:2      | Noticed Terence
  1242 | D:2      | Killed Terence
  1242 | D:2      | Reached XP level 4. HP: 45/45 MP: 3/3
  1618 | D:2      | Found a bloodstained altar of Trog.
  2423 | D:3      | Found an iron altar of Okawaru.
  2432 | D:3      | Became a worshipper of Warmaster Okawaru
  2432 | D:3      | Reached * piety under Okawaru
  2432 | D:3      | Reached ** piety under Okawaru
  2440 | D:3      | Reached XP level 5. HP: 44/54 MP: 4/4
  2458 | D:3      | Noticed Ijyb
  2479 | D:3      | Killed Ijyb
  2504 | D:3      | Found an oddly glowing altar of Pakellas.
  2506 | D:3      | Found a deep blue altar of Sif Muna.
  3358 | D:4      | Reached XP level 6. HP: 59/62 MP: 5/5
  3374 | D:4      | Found a sand-covered staircase.
  3384 | Ossuary  | Entered an ossuary
  3518 | Ossuary  | Reached skill level 1 in Invocations
  3774 | D:4      | Found Buoh's Food Shoppe.
  3834 | D:4      | Reached XP level 7. HP: 71/71 MP: 7/7
  4030 | D:4      | Reached skill level 5 in Dodging
  4266 | D:5      | Entered Level 5 of the Dungeon
  4286 | D:5      | Reached skill level 5 in Fighting
  4458 | D:5      | Reached *** piety under Okawaru
  4651 | D:5      | Found an ancient bone altar of Kikubaaqudgha.
  5211 | D:5      | Reached XP level 8. HP: 75/81 MP: 9/9
  5420 | D:6      | Found a staircase to the Ecumenical Temple.
  6201 | D:7      | Reached skill level 5 in Invocations
  6206 | D:7      | Reached **** piety under Okawaru
  6224 | D:7      | Reached XP level 9. HP: 86/91 MP: 11/11
  6352 | D:7      | Noticed a troll
  6360 | D:7      | Killed a troll
  6546 | D:7      | Found Pile's Assorted Antiques.
  6550 | D:7      | Bought a dark potion for 24 gold pieces
  6550 | D:7      | Bought a scroll labeled IDUH QABALL for 27 gold pieces
  6550 | D:7      | Bought a scroll labeled JEOTHRI KAESM for 27 gold pieces
  6550 | D:7      | Bought a scroll labeled JEOTHRI KAESM for 27 gold pieces
  6550 | D:7      | Bought a glowing inky potion for 24 gold pieces
  6751 | D:7      | Found a stormy altar of Qazlal.
  6751 | D:7      | Found a white marble altar of Elyvilon.
  7027 | D:8      | Noticed Grum
  7085 | D:7      | Killed Grum
  7564 | D:8      | Found Firaes's Antique Armour Boutique.
  7695 | D:8      | Found a stormy altar of Qazlal.
  7879 | D:8      | Reached ***** piety under Okawaru
  8312 | D:9      | Reached XP level 10. HP: 89/99 MP: 14/14
  8361 | D:9      | Noticed Vetinari's ghost (novice TeSk)
  8466 | D:9      | Slain by a wyvern skeleton

Vault maps used:
D:1:      minmay_arrival_semitransparent, minmay_cut_off
D:2:      wad_pebble_path, first_bread, trog_hazing_becter, uniq_terence
D:3:      nicolae_overflow_hidden_temple, okawaru_ov_weapons_minmay, uniq_iyjb
D:4:      lightli_ossuary_entry_decrepit_ruins, serial_shops, shop
D:5:      lemuel_round_altar, minmay_misc_feat_diagonals,
          kennysheep_big_empty_room, serial_bayou_pond_d
D:6:      minmay_temple_entry_junction2, serial_park_tiny_1
D:7:      gammafunk_temple_overflow_wave, serial_shops, shop, the_bakery
D:8:      serial_shops, nicolae_shop_temple_entry_statues_fountains,
          nicolae_qazlal_style_of_elements, uniq_grum
D:9:      dpeg_oklobed_lair, orc_0_dummy, uniq_erolcha
Ossuary:  ossuary_tomb_1

Skill      XL: |  1  2  3  4  5  6  7  8  9 |
---------------+----------------------------+-----
Dodging        | 3 4 5 6 7 |  7.8
Fighting       | 3 4 5 6 7 |  7.6
Invocations    | 2 3 5 6 |  6.7
Stealth        | |  1.1
Unarmed Combat | |  4.0

Action                   |  1- 3 |  4- 6 |  7- 9 | 10-12 || total
-------------------------+-------+-------+-------+-------++-------
Melee: Unarmed           |   116 |   265 |   380 |       ||   761
       Punch             |     2 |     5 |     9 |       ||    16
       Giant spiked club |       |       |    35 |    39 ||    74
Throw: Stone             |       |       |    27 |       ||    27
Invok: Heroism           |       |     1 |     4 |     1 ||     6
       Finesse           |       |       |       |     1 ||     1
Evoke: Wand              |       |       |     2 |     7 ||     9
  Use: Scroll            |     2 |     9 |    23 |     1 ||    35
       Potion            |       |       |       |     4 ||     4
 Stab: Sleeping          |     1 |     7 |     3 |       ||    11
       Distracted        |       |     1 |       |       ||     1
  Eat: Chunk             |    17 |    24 |    34 |     1 ||    76
       Fruit             |       |       |     9 |       ||     9
Armor: Robe              |    30 |    86 |   151 |    14 ||   281
Dodge: Dodged            |    62 |   145 |   346 |    28 ||   581
Block: Other             |       |    16 |    20 |     3 ||    39
       Reflection        |       |     3 |       |       ||     3
